Map: Oceanborn LE

Players

MaxPax - Winner!

  • Race: Protoss Protoss
  • League: Master
  • Spawn Location: 11:00

Serral

  • Race: Zerg Zerg
  • Spawn Location: 5:00

VOD

Have the link to the VOD?

Description

Time

  • Played on: Oct. 18, 2023, 9:50 a.m.
  • Length: 8:41
Show
View Real Time Build Order
Export as new Build Order

MaxPax Protoss - Winner!

Build Orders: 1 Gate Expand, Oracle Opening 

Get SALT Encoding   

  12  0:00  Probe  
  13  0:12  Probe  
  14  0:19  Pylon  
  14  0:24  Probe  
  15  0:37  Probe (Chrono Boost)  
  15  0:39  Gateway  
  16  0:46  Probe (Chrono Boost)  
  17  0:50  Assimilator  
  17  0:52  Probe  
  18  1:04  Probe  
  19  1:16  Probe  
  20  1:27  Nexus  
  20  1:36  Cybernetics Core  
  21  1:40  Probe  
  21  1:46  Assimilator  
  21  1:52  Probe  
  22  1:56  Pylon  
  22  2:04  Probe  
  23  2:11  Adept (Chrono Boost)  
  25  2:16  Probe  
  25  2:18  Stargate  
  26  2:28  Probe (Chrono Boost)  
  26  2:29  Warp Gate  
  27  2:36  Adept  
  29  2:40  Probe (Chrono Boost)  
  29  2:43  Pylon  
  31  2:46  Probe (Chrono Boost)  
  31  2:49  Probe (Chrono Boost)  
  32  2:54  Probe (Chrono Boost)  
  34  2:58  Probe (Chrono Boost)  
  34  2:59  Probe (Chrono Boost)  
  39  3:06  Probe  
  39  3:07  Void Ray (Chrono Boost)  
  39  3:08  Probe  
  41  3:15  Pylon  
  41  3:18  Probe  
  42  3:20  Probe  
  43  3:28  Gateway  
  43  3:31  Probe  
  43  3:33  Probe  
  45  3:34  Oracle (Chrono Boost)  
  48  3:43  Probe  
  48  3:45  Probe  
  50  3:52  Nexus  
  50  3:55  Probe  
  51  3:57  Probe  
  51  3:58  Pylon  
  52  4:07  Probe  
  52  4:09  Probe  
  54  4:12  Twilight Council  
  54  4:18  Gateway  
  54  4:21  Gateway, Probe  
  54  4:23  Adept  
  57  4:28  Adept  
  57  4:30  Probe  
  60  4:34  Probe  
  61  4:38  Assimilator  
  61  4:39  Assimilator  
  61  4:42  Gateway  
  61  4:43  Resonating Glaives (Chrono Boost)  
  61  4:46  Gateway  
  61  4:47  Probe  
  61  4:52  Pylon  
  62  5:06  Robotics Facility  
  62  5:07  Probe (Chrono Boost)  
  65  5:08  Probe (Chrono Boost)  
  65  5:10  Adept x2  
  65  5:12  Probe (Chrono Boost)  
  69  5:15  Adept  
  69  5:16  Probe (Chrono Boost)  
  69  5:17  Adept  
  69  5:18  Probe (Chrono Boost)  
  69  5:20  Probe (Chrono Boost)  
  76  5:21  Probe (Chrono Boost)  
  76  5:26  Pylon  
  76  5:28  Probe  
  78  5:30  Probe  
  80  5:39  Adept x2  
  80  5:41  Pylon  
  85  5:44  Probe  
  85  5:45  Adept x2  
  85  5:46  Adept x2  
  88  5:51  Warp Prism (Chrono Boost)  
  88  5:52  Probe x2  
  88  5:57  Probe  
  93  6:04  Probe  
  93  6:07  Probe  
  93  6:09  Blink, Probe  
  97  6:19  Adept x2  
  97  6:22  Pylon x2  
  94  6:27  Adept x3  
  94  6:32  Probe  
  101  6:35  Assimilator x2  
  101  6:39  Pylon  
  102  6:40  Probe  
  100  6:48  Adept x6  
  100  6:49  Probe  
  100  6:52  Probe  
  102  7:04  Gateway  
  102  7:05  Robotics Facility, Gateway  
  102  7:07  Robotics Bay  
  90  7:10  Sentry, Stalker x5  
  90  7:12  Immortal (Chrono Boost)  
  102  7:16  Probe  
  99  7:29  Shield Battery  
  99  7:34  Pylon  
  99  7:39  Gateway  
  99  7:41  Gateway, Forge  
  99  7:43  Adept x5, Pylon  
  103  7:44  Adept  
  103  7:47  Observer (Chrono Boost)  
  106  7:52  Nexus  
  112  8:00  Colossus (Chrono Boost)  
  112  8:09  Adept x2  
  122  8:20  Sentry  
  122  8:21  Stalker x2, Adept  
  130  8:28  Adept x2  
Show
View Real Time Build Order
Export as new Build Order

Serral Zerg 

Build Orders: Hatch First 

Get SALT Encoding   

  12  0:00  Drone  
  13  0:07  Drone  
  14  0:32  Hatchery  
  13  0:36  Drone  
  14  0:42  Extractor  
  14  0:43  Drone  
  14  0:48  Overlord  
  15  1:05  Spawning Pool  
  15  1:07  Drone  
  15  1:12  Drone  
  15  1:15  Drone  
  17  1:19  Drone  
  18  1:30  Extractor, Drone  
  18  1:41  Drone  
  18  1:45  Drone  
  20  1:51  Queen x2  
  24  1:54  Drone  
  24  1:57  Zergling x2  
  26  2:03  Overlord  
  26  2:06  Drone  
  27  2:13  Drone  
  28  2:22  Drone  
  29  2:24  Drone  
  29  2:27  Queen  
  32  2:31  Drone  
  32  2:33  Overlord  
  33  2:46  Drone  
  33  2:47  Drone  
  35  2:53  Metabolic Boost  
  35  2:57  Drone, Hatchery  
  34  3:03  Drone x3  
  36  3:06  Drone  
  36  3:10  Overlord  
  37  3:16  Queen  
  39  3:20  Zergling x4  
  39  3:25  Queen  
  43  3:30  Zergling x2  
  43  3:32  Overlord  
  43  3:34  Drone x2  
  46  3:38  Drone x3  
  49  3:41  Drone  
  49  3:42  Drone  
  49  3:46  Overlord  
  51  3:49  Overlord  
  51  3:58  Spore Crawler  
  51  3:59  Spore Crawler, Queen  
  51  4:05  Drone x4  
  51  4:08  Drone x2  
  57  4:12  Overlord  
  57  4:13  Zergling x2  
  57  4:16  Drone  
  59  4:19  Drone  
  59  4:20  Drone x2  
  62  4:27  Lair  
  62  4:29  Overlord  
  62  4:30  Drone  
  63  4:32  Extractor, Drone  
  63  4:38  Drone x2, Extractor  
  62  4:41  Drone x2  
  62  4:43  Drone  
  62  4:44  Drone  
  62  4:45  Evolution Chamber  
  66  4:46  Drone  
  66  4:50  Drone  
  66  4:52  Drone x2  
  70  5:02  Zergling x2  
  70  5:03  Zergling x4, Extractor  
  70  5:04  Drone x2  
  70  5:06  Drone  
  74  5:08  Zergling x2  
  74  5:10  Drone x2  
  74  5:11  Zerg Missile Weapons Level 1  
  74  5:12  Drone x3  
  74  5:13  Extractor, Drone  
  79  5:16  Drone  
  79  5:20  Zergling x2  
  81  5:24  Drone  
  81  5:25  Hatchery  
  81  5:27  Drone x2  
  83  5:29  Hydralisk Den  
  83  5:32  Drone x2  
  83  5:33  Drone  
  84  5:35  Overlord  
  84  5:39  Drone x2  
  84  5:41  Extractor x2  
  83  5:44  Drone x2  
  83  5:45  Drone  
  83  5:46  Overseer  
  83  5:47  Zergling x6  
  87  5:51  Zergling x2  
  87  5:52  Zergling x4  
  90  6:03  Zergling x10  
  94  6:08  Evolution Chamber  
  94  6:10  Grooved Spines  
  92  6:13  Hydralisk x3  
  92  6:18  Hydralisk x4  
  91  6:20  Evolution Chamber  
  91  6:23  Hydralisk  
  91  6:24  Hydralisk  
  90  6:34  Hydralisk x2  
  90  6:35  Zergling x6  
  90  6:39  Zergling x8  
  96  6:42  Hydralisk  
  96  6:50  Zergling x2  
  96  6:51  Zergling x4  
  96  6:57  Zergling x2  
  84  7:04  Muscular Augments  
  66  7:09  Zergling x4  
  65  7:18  Drone x4  
  68  7:29  Drone x6  
  71  7:35  Drone x3  
  74  7:40  Drone  
  74  7:41  Drone x2  
  76  7:44  Drone x2  
  76  7:49  Drone x3  
  81  7:51  Drone  
  81  7:52  Drone x2  
  81  7:57  Drone x4  
  88  8:03  Drone x5  
  93  8:08  Hydralisk  
  93  8:10  Hydralisk x2  
  99  8:16  Hydralisk  
  99  8:17  Hydralisk  
  99  8:18  Infestation Pit  
Tags
 
Add a new tag
Caveats
  • Supply blocks, unpowered buildings, or Contaminate may cause inaccurate times.
  • Supply counts are checked every 10 seconds.